 Dungeon Crawl Stone Soup version 0.19-a0-1019-g9c6a58d (webtiles) character file.

479 ololoev the Chopper (level 7, -5/90 HPs)
             Began as a Hill Orc Fighter on July 25, 2016.
             Was an Initiate of Makhleb.
             Killed from afar by an orc wizard (6 damage)
             ... with a magic dart
             ... on level 7 of the Dungeon.
             The game lasted 00:06:49 (1055 turns).

ololoev the Chopper (Hill Orc Fighter)              Turns: 1055, Time: 00:06:50

Health: -5/90      AC: 27    Str: 21    XL:     7   Next: 11%
Magic:  7/7        EV:  2    Int:  8    God:    Makhleb [......]
Gold:   102        SH:  0    Dex: 10    Spells: 0 memorised, 6 levels left

rFire  . . .     SeeInvis .     a - +0 war axe
rCold  . . .     Gourm    .     (armour currently unavailable)
rNeg   + + +     Faith    .     (no shield)
rPois  +         Spirit   .     (helmet currently unavailable)
rElec  .         Dismiss  .     (cloak currently unavailable)
rCorr  .         Reflect  .     (gloves currently unavailable)
SustAt .         Harm     .     (boots currently unavailable)
MR     .....     NoTele   +     (no amulet)
Stlth  +.........               i - ring of poison resistance
                                e - +4 ring of protection

@: tree-form, drained, not resistant to hostile enchantments, very unstealthy
A: no striking features
a: Renounce Religion

Inventory:

Hand Weapons
 a - a +0 war axe (weapon)
Armour
 l - a +0 pair of boots (melded)
 t - a +0 plate armour (melded)
Jewellery
 e - a +4 ring of protection (left branch)
 i - a ring of poison resistance (right branch)
 p - an uncursed ring of protection from cold
 q - an uncursed ring of protection from fire
Scrolls
 c - a scroll of noise {unknown}
 d - a scroll of fear {unknown}
 h - 2 scrolls of identify {unknown}
 j - 3 scrolls of remove curse {unknown}
 n - a scroll of immolation {unknown}
 r - a scroll of enchant weapon {unknown}
Potions
 g - a potion of curing {unknown}
 k - a potion of cure mutation {unknown}
 o - a potion of degeneration {unknown}
Comestibles
 f - a bread ration
 m - a slice of pizza


   Skills:
 + Level 4.9(3.8) Fighting
 * Level 7.5(6.3) Axes
 + Level 5.4(4.3) Armour
   Level 3.2(2.2) Shields


You had 6 spell levels left.
You didn't know any spells.


You were on level 7 of the Dungeon.
You worshipped Makhleb.
Makhleb was noncommittal.
You were hungry.
You were a tree.
You visited 2 branches of the dungeon, and saw 8 of its levels.

You collected 102 gold pieces.

.z .. ..#.. #.zz ###.o.
#. ..# .. ##. #.# # .#
#..##z## .#.## #)o..#
...##.#
####.#♣##.#######.. #..
......o){........#.###.#
###.....##.#####........
#.>.######.# #.'#####
(.. #.######.#....[ ##
#.....##.#.'###
#.....#..#.#...
#.....)..#[#.##
##.......#.#.##

Notes
Turn   | Place    | Note
-------+----------+-------------------------------------------
     0 | D:1      | ololoev the Hill Orc Fighter began the quest for the Orb.
     0 | D:1      | Reached XP level 1. HP: 19/19 MP: 1/1
    70 | D:1      | Reached skill level 3 in Axes
   112 | D:2      | Reached XP level 2. HP: 26/26 MP: 2/2
   141 | D:2      | ololoev: неплохой старт
   141 | D:2      | Sapher: ага
   141 | D:2      | ololoev: рпойз и +4 протект
   195 | D:3      | Reached XP level 3. HP: 30/31 MP: 3/3
   223 | D:4      | Reached skill level 4 in Axes
   265 | D:5      | Entered Level 5 of the Dungeon
   405 | D:4      | Reached skill level 5 in Axes
   405 | D:4      | Reached XP level 4. HP: 33/39 MP: 4/4
   439 | D:4      | Reached XP level 5. HP: 42/45 MP: 5/5
   469 | D:4      | Found a staircase to the Ecumenical Temple.
   476 | Temple   | Entered the Ecumenical Temple
   586 | Temple   | Became a worshipper of Makhleb the Destroyer
   718 | D:4      | Sapher: тогда уж лучше берсеркер
   789 | D:5      | ololoev: why?
   826 | D:5      | Reached skill level 6 in Axes
   832 | D:5      | Sapher: с оружимем и выживаемостью проблемы будут
   882 | D:7      | Sapher: а к макхлебу после пары рун как в обычной игре...
   891 | D:7      | Noticed an orc warrior
   915 | D:7      | Killed an orc warrior
   915 | D:7      | Reached XP level 6. HP: 40/52 MP: 6/6
   993 | D:7      | Reached skill level 5 in Armour
  1032 | D:7      | Reached skill level 7 in Axes
  1052 | D:7      | Reached XP level 7. HP: 6/60 MP: 7/7
  1052 | D:7      | HP: 2/90 [wight/enchanted war axe (4)]
  1055 | D:7      | Killed from afar by an orc wizard

Dungeon Overview and Level Annotations

Branches:
Dungeon (7/15)             Temple (1/1) D:4

Altars:
Ashenzari
Cheibriados
Elyvilon
Fedhas
Gozag
Hepliaklqana
Kikubaaqudgha
Makhleb
Nemelex Xobeh
Pakellas
Qazlal
Ru
Sif Muna
Trog
Uskayaw
Xom
Zin
The Shining One


Message History

The orc wizard gestures wildly while chanting.
The orc wizard blinks!
Something hits you but does no damage. The wight hits you but does no damage.
Unknown command.
You hit the wight but do no damage.
The wight is lightly damaged.
You hit the wight. You barely miss something.
The wight hits you but does no damage. Something hits you but does no damage.
The wight hits you but does no damage.
An orc comes into view. It is wielding a club.
Unknown command.
Unknown command.
You hit the wight but do no damage.
The wight is lightly damaged.
You hit the wight but do no damage. You closely miss something.
The wight hits you but does no damage. Something hits you but does no damage.
The wight hits you but does no damage.
Unknown command.
You hit the wight.
The wight is heavily damaged.
You miss something. You hit the wight. You barely miss the orc wizard.
The orc wizard hits you but does no damage.
The wight hits you but does no damage. Something hits you but does no damage.
The wight hits you but does no damage. Something hits you but does no damage.
The orc wizard completely misses you. The wight hits you but does no damage.
Unknown command.
You hit the wight but do no damage.
The wight is heavily damaged.
You closely miss something. You hit the wight. You closely miss the orc wizard.
The wight hits you but does no damage. Something hits you but does no damage.
The wight hits you but does no damage.
The orc wizard hits you but does no damage.
Unknown command.
Unknown command.
You closely miss the wight.
The wight is heavily damaged.
You hit the orc wizard. You closely miss the wight. You barely miss something.
The wight hits you but does no damage.
You hear some strange, mumbled words.
A magic dart appears from out of thin air!
The magic dart hits you!
The orc wizard hits you but does no damage.
The wight hits you but does no damage.
An orc comes into view. It is wielding a flail.
Unknown command.
You hit the wight.
The wight is severely damaged.
You closely miss the orc wizard. You hit the wight.
You destroy the wight!
Makhleb accepts your kill.
You have reached level 7!
You barely miss something. Something hits you but does no damage.
The orc wizard hits you but does no damage.
The wight hits you with an enchanted war axe.
Unknown command.
You closely miss the wight.
The wight is severely damaged.
You hit something.
You hit the orc wizard but do no damage.
Something hits you but does no damage. The orc wizard hits you with a war axe.
The wight hits you but does no damage.
A wight comes into view.
It is wielding an enchanted morningstar.
Unknown command.
You closely miss the orc wizard.
The orc wizard is lightly wounded.
You barely miss the orc. You miss something. You slash the wight!
You destroy the wight!
Makhleb accepts your kill.
The wight reads a scroll.
Wisps of shadow swirl around the wight.
You hear some strange, mumbled words.
Something tries to affect you, but you resist.
The orc hits you but does no damage.
The orc wizard gestures wildly while chanting.
The orc wizard seems to speed up.
You hear some strange, mumbled words.
Something tries to affect you, but you resist.
You hit something. You hit the orc wizard. You barely miss the orc.
The orc wizard points at you and mumbles some strange words.
The magic dart hits you!
You die...

You could see a wight, an orc wizard and an orc.

Vanquished Creatures
  An orc warrior (D:7)
  4 wights (D:7)
  A hound (D:4)
  A quasit (D:5)
  2 orc priests
  A worker ant (D:7)
  3 gnolls (D:5)
  3 adders
  2 worms (D:4)
  3 dart slugs
  A giant gecko (D:2)
  4 orcs
  A ball python (D:3)
  2 giant cockroaches
  2 goblins (D:2)
  A bat (D:2)
  A giant newt (D:4)
  A kobold (D:2)
  A rat (D:2)
35 creatures vanquished.

Action                   |  1- 3 |  4- 6 |  7- 9 || total
-------------------------+-------+-------+-------++-------
Melee: War axe           |    49 |    96 |     3 ||   148
  Use: Potion            |     1 |     4 |       ||     5
Armor: Chain mail        |    51 |    53 |       ||   104
       Skin              |       |    33 |     4 ||    37
       Plate armour      |       |    32 |       ||    32
Dodge: Dodged            |    22 |    40 |       ||    62

Vault maps used:
D:1:      ncdulo_smallfort
D:2:      first_bread, minmay_misc_feat_ornament, minmay_octomino_c4
D:4:      small_statue_intersection, kennysheep_generic_room_4, uniq_robin
D:5:      kennysheep_mini_moat, st_stairs_4, grunt_ministairs_4, tgw_sif
D:6:      kennysheep_little_box
D:7:      minivault_11, uniq_prince_ribbit1, uniq_menkaure
Temple:   dpeg_five_rooms_temple
